 Dungeon Crawl Stone Soup version 0.31-a0-564-g3b7de120b3 (webtiles) character file.

Game seed: 5531599387099120156

16739 Shayle the Blocker (level 12, -9/109 HPs)
             Began as an Ogre Shapeshifter on Aug 18, 2023.
             Was a Priest of Kikubaaqudgha.
             Mangled by a wolf (10 damage)
             ... led by Grum
             ... on level 1 of the Lair of Beasts.
             The game lasted 00:52:02 (10350 turns).

Shayle the Blocker (Ogre Shapeshifter)             Turns: 10350, Time: 00:52:05

Health: -9/109     AC:  5    Str: 24    XL:     12   Next: 40%
Magic:  3/16       EV:  9    Int: 23    God:    Kikubaaqudgha [***...]
Gold:   741        SH: 12    Dex:  9    Spells: 1/17 levels left

rFire   . . .        v - +9 dagger "Vaech" {freeze, Int+4 Stlth+}
rCold   + . .        m - +1 kite shield
rNeg    . . .        y - +2 robe "Sajir" {rPois rC+ Str+2 Stlth+}
rPois   +            (helmet currently unavailable)
rElec   .            (cloak currently unavailable)
rCorr   .            (gloves unavailable)
SInv    .            (boots unavailable)
Will    +....        f - amulet of regeneration
Stlth   +++          C - ring of poison resistance
HPRegen 1.18/turn    I - +6 ring of intelligence
MPRegen 0.15/turn

%: no passive effects
@: mighty, about to teleport, beast-form, animating dead
A: beast (slay +2), large, unfitting armour, tough skin 1
a: Begin Untransformation, Renounce Religion, Unearth Wretches


You were on level 1 of the Lair of Beasts.
You worshipped Kikubaaqudgha.
Kikubaaqudgha was most pleased with you.
You were a hulking beast.
You visited 3 branches of the dungeon, and saw 12 of its levels.
You also visited: Volcano.

You collected 741 gold pieces.

Inventory:

Hand Weapons
 a - a +2 long sword of electrocution
 n - the +4 hand axe of Cataclysm {vamp, rN+ Int+4}
   (You found it on level 2 of the Dungeon)

   Int+4:     It affects your intelligence (+4).
   rN+:       It protects you from negative energy.
 q - the +4 whip "Elofioma" {drain, Int+2}
   (You found it on level 3 of the Dungeon)

   Int+2:     It affects your intelligence (+2).
 s - a +0 trident of holy wrath
 v - the +9 dagger "Vaech" (weapon) {freeze, Int+4 Stlth+}
   (You found it on level 3 of the Dungeon)

   Int+4:     It affects your intelligence (+4).
   Stlth+:    It makes you more stealthy.
 z - a +2 hand axe of venom
 N - a +3 glaive of draining
Missiles
 O - a curare-tipped dart
Armour
 h - +0 fire dragon scales
 i - an orb of guile
 m - a +1 kite shield (worn)
 y - the +2 robe "Sajir" (worn) {rPois rC+ Str+2 Stlth+}
   (You found it on level 4 of the Dungeon)

   Str+2:     It affects your strength (+2).
   rC+:       It protects you from cold.
   rPois:     It protects you from poison Stlth+: It makes you more stealthy.
 F - a +2 robe of fire resistance
 P - a +2 cloak of preservation
 S - the +1 cloak of Starlight {*Dazzle EV+4 Stlth--}
   (You found it on level 9 of the Dungeon)

   *Dazzle:   It may blind those who miss an attack against the wearer in melee
   combat.
   EV+4:      It affects your evasion (+4).
   Stlth--:   It makes you much less stealthy.
Jewellery
 f - an amulet of regeneration (around neck)
 j - a ring of fire
 t - a +4 ring of protection
 C - a ring of poison resistance (left hand)
 I - a +6 ring of intelligence (right hand)
Talismans
 c - a beast talisman (active)
 d - a flux talisman
Wands
 b - a wand of flame (26)
 E - a wand of polymorph (5)
 U - a wand of mindburst (5)
Scrolls
 l - a scroll of silence
 r - a scroll of revelation
 x - a scroll of vulnerability
 B - 2 scrolls of enchant weapon
 M - a scroll of torment
Potions
 g - a potion of resistance
 k - a potion of haste {unknown}
 o - a potion of mutation {unknown}
 p - a potion of magic {unknown}
 u - 4 potions of brilliance
 w - 4 potions of enlightenment
 A - a potion of invisibility {unknown}
 H - a potion of degeneration {unknown}
 L - 4 potions of might
 T - a potion of attraction {unknown}


   Skills:
 - Level 4.3 Fighting
 - Level 1.7 Dodging
 + Level 11.2 Shields
 - Level 4.0 Unarmed Combat
 - Level 3.1 Spellcasting
 + Level 10.2 Necromancy
 + Level 10.0 Earth Magic
 + Level 3.4 Shapeshifting


You had one spell level left.
You knew the following spells:

 Your Spells              Type           Power      Damage    Failure   Level
a - Animate Dead          Necr           50%        N/A       2%          4
b - Borgnjor's Vile Clut  Necr/Erth      25%        N/A       9%          5
c - Necrotise             Necr           100%       1d9       1%          1
d - Death Channel         Necr           25%        N/A       41%         6

Your spell library contained the following spells:

 Spells                   Type           Power      Damage    Failure   Level
 Kiss of Death            Conj/Necr      100%       2d13      2%          1
 Sublimation of Blood     Necr           50%        N/A       1%          2
 Dispel Undead            Necr           50%        3d19      2%          4
 Passwall                 Tmut/Erth      21%        N/A       3%          2
 Lee's Rapid Deconstruct  Erth           24%        3d13*     9%          5
 Anguish                  Hex/Necr       13%        N/A       24%         4
 Animate Armour           Summ/Erth      52%        N/A       24%         4
 Ensorcelled Hibernation  Hex/Ice        6%         N/A       28%         2
 Confusing Touch          Hex            3%         N/A       50%         3
 Swiftness                Air            3%         N/A       50%         3
 Tukima's Dance           Hex            3%         N/A       50%         3
 Passage of Golubria      Tloc           3%         N/A       88%         4
 Summon Lightning Spire   Summ/Air       3%         N/A       88%         4
 Simulacrum               Ice/Necr       13%        N/A       98%         6
 Yara's Violent Unravell  Hex/Tmut       1%         3d3       99%         5


Dungeon Overview and Level Annotations

Branches:
Dungeon (10/15)            Temple (1/1) D:4            Lair (1/5) D:10
Volcano (visited)
    Orc: D:9-12

Altars:
Ashenzari
Cheibriados
Dithmenos
Elyvilon
Fedhas
Gozag
Hepliaklqana
Kikubaaqudgha
Nemelex Xobeh
Okawaru
Qazlal
Ru
Sif Muna
Trog
Uskayaw
Vehumet
Wu Jian
Yredelemnul
Zin
The Shining One

Annotations:
D:10 2 transporters, Erolcha; Pokonic1's ghost, novice DsEE
Lair:1 Erica; Grum


Innate Abilities, Weirdness & Mutations

You are a hulking beast.
Your limbs bulge with bestial killing power. (Slay +2)
You are too large for most types of armour.
You have tough skin. (AC +1)


Message History

You block the wolf's attack. Something hits you!
* * * LOW HITPOINT WARNING * * *
Something burns you.
* * * LOW HITPOINT WARNING * * *
Okay, then.
Okay, then.
Unknown command.
Okay, then.
Okay, then.
Casting: Animate Dead (mildly dangerous; 2% risk of failure)
Confirm with . or Enter, or press ? or * to list all spells.
You don't have enough magic to cast this spell.
Unknown command.
Okay, then.
As you read the scroll of teleportation, it crumbles to dust.
You feel strangely unstable. You block the wolf's attack. The wolf bites you!
* * * LOW HITPOINT WARNING * * *
You block the wolf's attack.
You hear some strange, mumbled words.
A bolt of poison appears from out of thin air!
The bolt of poison hits you! You resist.
* * * LOW HITPOINT WARNING * * *
The wolf barely misses you.
Okay, then.
Okay, then.
Aiming: Mindburst
Press: ? - help, Shift-Dir - straight line, p - wolf The wolf's mind is blasted!
You blow up the wolf!
Kikubaaqudgha accepts your kill. You block the wolf's attack.
You block something's attack.
Unknown command.
Aiming: Mindburst
Press: ? - help, Shift-Dir - straight line, f - wolf
Aim: a wolf (chance to affect: 64%)
The wolf's mind is blasted!!
The wolf barely misses you. The wolf bites you!
* * * LOW HITPOINT WARNING * * *
The wolf closely misses you. The wolf bites you!
You die...
Kikubaaqudgha rasps: "You have failed me!
Welcome... death!"

####..............
##≈##..............
##§≈§##=<...........
###§§≈§§..............
####.§≈§§≈§..............
##.#.##.≈≈≈§..............
#...####.≈.##.............
##.###.##.##hh............
## ####...####h{h...........
#.# #...##.###h.P.........
...####......# #..#.........
.............###.....[......
##...........##...#.........
....†.......h##...#.........
..###...###..##..#.).......
#.....##.............
##..h###............


You could see 4 wolves.

Vanquished Creatures
  Snorg (D:10)
  4 two-headed ogres
  A deep elf archer (Volcano)
  A wizard (D:8)
  Pikel (D:6)
  A lindwurm (Volcano)
  5 deep elf pyromancers (Volcano)
  A salamander (Volcano)
  Jeremiah (D:8)
  A komodo dragon (D:10)
  A slime creature (D:7)
  Sigmund (D:3)
  3 wyverns
  15 yaks
  5 fire elementals (Volcano)
  A basilisk (D:9)
  A steam dragon (D:7)
  2 wargs (D:10)
  A hell hound (Volcano)
  2 sky beasts (D:7)
  3 ice beasts
  2 black bears
  An orc warrior (D:4)
  2 ogres
  3 wolves (Lair:1)
  2 lemures (D:6)
  A centaur (D:7)
  4 kobold brigands
  3 scorpions
  A wight (D:8)
  4 killer bees (D:8)
  A howler monkey (D:10)
  5 hounds
  2 jellies
  2 orc priests
  3 sleepcaps
  Ijyb (D:3)
  An iguana (D:6)
  3 orc wizards
  Robin (D:4)
  11 gnolls
  4 adders
  2 shadow imps
  3 ufetubi (D:5)
  4 worms
  12 orcs
  6 ball pythons
  6 endoplasms
  4 giant cockroaches
  18 goblins
  6 hobgoblins
  6 jackals
  4 quokkas
  4 bats
  2 frilled lizards (D:3)
  12 kobolds
  6 rats
  A spectral goblin (D:9)
205 creatures vanquished.

Vanquished Creatures (collateral kills)
  A two-headed ogre (D:10)
  2 deep elf pyromancers (Volcano)
  A cyclops (D:9)
  A cane toad (Lair:1)
  5 yaks
  2 fire elementals (Volcano)
  A warg (D:10)
  A wolf (Lair:1)
  2 wights (D:8)
  2 orc wizards
  2 orcs
  6 kobolds
26 creatures vanquished.

Vanquished Creatures (others)
  4 salamanders (Volcano)
  A kobold demonologist (D:9)
  A wyvern (D:8)
  A two-headed ogre zombie (D:8)
  2 elf zombies (Volcano)
  4 salamander zombies (Volcano)
  A komodo dragon zombie (D:10)
  A barachi zombie (D:8)
  A scorpion (D:9)
  3 warg zombies (D:10)
  5 yak zombies (Lair:1)
  2 scorpion zombies
  A killer bee zombie (D:8)
  9 orc zombies
  A kobold (D:7)
  4 kobold zombies
41 creatures vanquished.

Grand Total: 272 creatures vanquished

Notes
Turn   | Place    | Note
-------+----------+-------------------------------------------
     0 | D:1      | Shayle the Ogre Shapeshifter began the quest for the Orb.
     0 | D:1      | Reached XP level 1. HP: 19/19 MP: 1/1
   260 | D:1      | Reached XP level 2. HP: 25/28 MP: 1/3
   411 | D:1      | Reached skill level 1 in Spellcasting
   777 | D:2      | Reached XP level 3. HP: 29/36 MP: 3/5
   790 | D:2      | Identified the +4 hand axe of Cataclysm {vamp, rN+ Int+4}
  1292 | D:2      | Reached XP level 4. HP: 45/45 MP: 5/7
  1505 | D:3      | Noticed Robin
  1651 | D:3      | Noticed Ijyb
  1671 | D:3      | Killed Ijyb
  1684 | D:3      | Learned a level 4 spell: Animate Dead
  1769 | D:3      | Identified the +4 whip "Elofioma" {drain, Int+2}
  2015 | D:4      | Killed Robin
  2016 | D:4      | Reached XP level 5. HP: 44/54 MP: 8/8
  2093 | D:3      | Identified the +9 dagger "Vaech" {freeze, Int+4 Stlth+}
  2285 | D:3      | Noticed Sigmund
  2295 | D:3      | Killed Sigmund
  2296 | D:3      | Reached skill level 1 in Shields
  2296 | D:3      | Reached skill level 1 in Necromancy
  2296 | D:3      | Reached XP level 6. HP: 60/63 MP: 8/10
  2305 | D:3      | Learned a level 5 spell: Borgnjor's Vile Clutch
  2606 | D:4      | Found a staircase to the Ecumenical Temple.
  2615 | Temple   | Entered the Ecumenical Temple
  2634 | Temple   | Became a worshipper of Kikubaaqudgha
  2819 | D:4      | Identified the +2 robe "Sajir" {rPois rC+ Str+2 Stlth+}
  2910 | D:4      | Reached skill level 2 in Shields
  2910 | D:4      | Reached skill level 1 in Earth Magic
  2920 | D:4      | Noticed a black bear
  2931 | D:4      | Killed a black bear
  2932 | D:4      | Reached XP level 7. HP: 70/71 MP: 11/11
  3364 | D:5      | Entered Level 5 of the Dungeon
  3512 | D:4      | Reached * piety under Kikubaaqudgha
  3512 | D:4      | Received a gift from Kikubaaqudgha
  3513 | D:4      | Reached skill level 3 in Shields
  3559 | D:5      | Noticed a yak
  3559 | D:5      | Noticed a yak
  3560 | D:5      | Noticed a yak
  3583 | D:4      | Killed a yak
  3603 | D:4      | Learned a level 1 spell: Necrotise
  3715 | D:5      | Reached XP level 8. HP: 79/79 MP: 12/12
  3833 | D:5      | Reached skill level 4 in Shields
  4034 | D:4      | Killed a yak
  4360 | D:6      | Reached skill level 5 in Shields
  4377 | D:6      | Found a bloodstained altar of Trog.
  4614 | D:6      | Noticed a cyclops
  4618 | D:6      | Noticed a shadow
  4622 | D:6      | Reached XP level 9. HP: 73/85 MP: 13/13
  4639 | D:6      | Noticed Pikel
  4645 | D:6      | Killed Pikel
  4646 | D:6      | Reached skill level 6 in Shields
  4646 | D:6      | Reached skill level 5 in Necromancy
  4646 | D:6      | Reached skill level 5 in Earth Magic
  4892 | D:7      | Reached ** piety under Kikubaaqudgha
  5049 | D:7      | Reached skill level 7 in Shields
  5933 | D:8      | Noticed Jeremiah
  5992 | D:8      | Reached XP level 10. HP: 94/94 MP: 14/14
  6072 | D:8      | Noticed a two-headed ogre
  6072 | D:8      | Noticed a two-headed ogre
  6090 | D:8      | Killed a two-headed ogre
  6165 | D:8      | Killed a two-headed ogre
  6166 | D:8      | Reached skill level 8 in Shields
  6386 | D:8      | Noticed a wizard
  6556 | D:8      | Killed Jeremiah
  6580 | D:8      | Your ally Jeremiah died
  6593 | D:8      | Killed a wizard
  7078 | D:9      | Noticed a two-headed ogre
  7091 | D:9      | Killed a two-headed ogre
  7097 | D:9      | Noticed a cyclops
  7399 | D:9      | Reached skill level 9 in Shields
  7399 | D:9      | Reached XP level 11. HP: 57/101 MP: 15/15
  7493 | D:9      | Found a snail-covered altar of Cheibriados.
  7722 | D:9      | Found the +1 cloak of Starlight {*Dazzle EV+4 Stlth--}
  7887 | D:9      | Killed a cyclops
  8247 | D:9      | Found a hazy altar of Hepliaklqana.
  8307 | D:10     | Entered Level 10 of the Dungeon
  8307 | D:10     | Found a staircase to the Lair.
  8368 | D:10     | Found a sparkling altar of Nemelex Xobeh.
  8372 | D:10     | Found a hide-covered altar of Uskayaw.
  8384 | D:10     | Noticed a two-headed ogre
  8391 | D:10     | Killed a two-headed ogre
  8404 | D:10     | Noticed a two-headed ogre
  8430 | D:10     | Killed a two-headed ogre
  8537 | D:10     | Reached *** piety under Kikubaaqudgha
  8537 | D:10     | Received a gift from Kikubaaqudgha
  8632 | D:10     | Found a transporter.
  8632 | D:10     | Found a transporter.
  8730 | D:10     | Found a glowing silver altar of Zin.
  8783 | D:10     | Reached skill level 10 in Shields
  9002 | D:10     | Noticed Snorg
  9015 | D:10     | Killed Snorg
  9131 | D:10     | Noticed Pokonic1's ghost (novice DsEE)
  9337 | D:10     | Noticed Erolcha
  9404 | Lair:1   | Entered Level 1 of the Lair of Beasts
  9434 | Lair:1   | Found a dark tunnel.
  9439 | Volcano  | Entered a volcano
  9484 | Volcano  | Noticed a deep elf pyromancer
  9511 | Volcano  | Noticed a deep elf pyromancer
  9512 | Volcano  | Noticed a deep elf pyromancer
  9520 | Volcano  | Killed a deep elf pyromancer
  9524 | Volcano  | Killed a deep elf pyromancer
  9624 | Volcano  | Noticed a deep elf pyromancer
  9630 | Volcano  | Noticed a deep elf pyromancer
  9642 | Volcano  | Noticed a deep elf archer
  9650 | Volcano  | Killed a deep elf pyromancer
  9651 | Volcano  | Reached XP level 12. HP: 106/109 MP: 0/16
  9951 | Volcano  | Reached skill level 11 in Shields
  9951 | Volcano  | Reached skill level 10 in Necromancy
  9988 | Volcano  | Learned a level 6 spell: Death Channel
 10009 | Volcano  | Identified the +0 pair of boots of Tiala {Rampage +Inv}
 10270 | Lair:1   | Reached skill level 10 in Earth Magic
 10309 | Lair:1   | Noticed Erica
 10313 | Lair:1   | Noticed Grum
 10350 | Lair:1   | HP: 1/109 [wolf (7)]
 10350 | Lair:1   | Mangled by a wolf

Illustrated notes

Levels and vault maps discovered:
D:1:      kennysheep_arrival_seaside, layout_loops_ring, fountainhead
D:2:      layout_basic, hex_medium
D:3:      layout_basic, uniq_sigmund, uniq_ijyb, uniq_robin
D:4:      layout_gridville, minmay_temple_entry_antechambers
D:5:      layout_basic, grunt_temple_overflow_champion_of_chaos,
          minmay_door_square
D:6:      layout_gridville, kennysheep_mini, minmay_statues_item,
          lightli_corner_chamber, uniq_pikel
D:7:      layout_layer_cave, minivault_1, minmay_microvault
D:8:      cheibrodos_wizards_tower, layout_basic, uniq_jeremiah
D:9:      layout_irregular_city, nicolae_hepliaklqana_monster_ancestors,
          mainiacjoe_overflow_brackets
D:10:     layout_stronghold, jmf_multi_god_temple, amcnicky_altar_gilded,
          erik_lair_orcish_takeover, orc_0_dummy, gammafunk_ghost_hive,
          uniq_snorg, uniq_harold, uniq_erolcha
Temple:   eino_temple_lava
Lair:1:   layout_gridlike, gammafunk_ghost_necromancy, enter_volcano_4,
          uniq_erica, uniq_grum

Skill      XL: |  1  2  3  4  5  6  7  8  9 10 11 12 |
---------------+-------------------------------------+-----
Fighting       | 2 3 4 |  4.3
Spellcasting   | 1 2 3 |  3.1
Unarmed Combat | 3 4 |  4.0
Shields        | 1 2 3 5 7 9 10 11 | 11.2
Necromancy     | 1 2 3 4 6 8 9 10 | 10.2
Earth Magic    | 1 2 4 6 7 9 10 | 10.0
Dodging        | |  1.7
Shapeshifting  | |  3.4

Action                     |  1- 3 |  4- 6 |  7- 9 | 10-12 || total
---------------------------+-------+-------+-------+-------++-------
  Melee: Unarmed           |    45 |       |       |       ||    45
         Hand axe          |    50 |    59 |       |       ||   109
         Dagger            |       |    59 |   220 |   229 ||   508
   Cast: Borgnjor's Vile C |       |       |       |    42 ||    42
         Animate Dead      |       |       |       |    10 ||    10
         Necrotise         |       |       |       |     2 ||     2
 Invoke: Unearth Wretches  |       |       |       |     4 ||     4
  Evoke: Wand              |       |       |     9 |    18 ||    27
    Use: Scroll            |       |     1 |     5 |    13 ||    19
         Potion            |       |     1 |     3 |    10 ||    14
   Stab: Sleeping          |       |     5 |     6 |     1 ||    12
         Paralysed         |       |       |       |     4 ||     4
         Distracted        |       |       |       |     2 ||     2
 Armour: Animal skin       |    27 |    11 |       |       ||    38
         Skin              |       |    11 |    36 |       ||    47
         Robe              |       |     3 |    58 |    74 ||   135
  Dodge: Dodged            |    33 |    49 |    66 |   100 ||   248
  Block: Kite shield       |    23 |    34 |   106 |   151 ||   314

Table legend: (Time is in decaauts)
 A = Elapsed time spent in this place.
 B = Non-inter-level travel time spent in this place.
 C = Inter-level travel time spent in this place.
 D = Time resting spent in this place.
 E = Time spent auto-exploring this place.
 F = Levels seen in this place.
 G = Mean time per level.
                   A        B        C        D        E       F      G
               +--------+--------+--------+--------+--------+-----+--------+
         Total |  10457 |  10054 |    403 |   1814 |   4958 |  13 |  804.4 |
       Dungeon |   9369 |   8975 |    394 |   1271 |   4936 |  10 |  936.9 |
        Temple |    136 |    127 |      9 |    100 |      0 |   1 |  136.0 |
          Lair |    287 |    287 |      0 |     89 |     22 |   1 |  287.0 |
       Volcano |    663 |    663 |      0 |    354 |      0 |   1 |  663.0 |
               +--------+--------+--------+--------+--------+-----+--------+

Top non-repeatable levels by time:
     D:8: 1389 daAuts
     D:7: 1174 daAuts
    D:10: 1100 daAuts
     D:9: 1088 daAuts
     D:4: 1031 daAuts
     D:3: 962 daAuts
     D:2: 777 daAuts
     D:1: 766 daAuts
 Volcano: 663 daAuts
     D:5: 592 daAuts
     D:6: 486 daAuts
  Lair:1: 287 daAuts
  Temple: 136 daAuts
